 Dungeon Crawl Stone Soup version 0.27-a0-1228-gfd60fd639a (webtiles) character file.

Game seed: 17383120762099326392

158 pokeman the Magician (level 5, -7/29 HPs)
             Began as a Deep Elf Hedge Wizard on June 7, 2021.
             Mangled by Sigmund
             ... wielding a +0 scythe
              (8 damage)
             ... on level 3 of the Dungeon.
             The game lasted 00:03:51 (2611 turns).

pokeman the Magician (Deep Elf Hedge Wizard)        Turns: 2611, Time: 00:03:52

Health: -7/29      AC:  2    Str:  7    XL:     5   Next: 16%
Magic:  4/15       EV: 13    Int: 20    God:
Gold:   62         SH:  0    Dex: 14    Spells: 5/16 levels left

rFire    . . .     SeeInvis .   a - +0 dagger
rCold    . . .     Faith    .   (no shield)
rNeg     . . .     Spirit   .   b - +0 robe
rPois    .         Reflect  .   c - +0 hat
rElec    .         Harm     .   (no cloak)
rCorr    .         Rampage  .   (no gloves)
Will     .....                  (no boots)
Stlth    ++........             f - amulet of magic regeneration
HPRegen  0.09/turn              (no ring)
MPRegen  0.39/turn              (no ring)

@: very slightly contaminated
A: no striking features
a: no special abilities


You were on level 3 of the Dungeon.
You visited 1 branch of the dungeon, and saw 3 of its levels.

You collected 62 gold pieces.

Inventory:

Hand Weapons
 a - a +0 dagger (weapon)
Missiles
 g - 13 arrows
Armour
 b - a +0 robe (worn)
 c - a +0 hat (worn)
Jewellery
 f - an amulet of magic regeneration (around neck)
Scrolls
 d - 2 scrolls of enchant armour {unknown}
 h - a scroll of identify {unknown}
 j - a scroll of brand weapon {unknown}
 k - a scroll of noise {unknown}
Potions
 e - 2 potions of might {unknown}
 i - a potion of magic {unknown}


   Skills:
 - Level 1.0 Fighting
 - Level 1.0 Armour
 - Level 3.0 Dodging
 + Level 2.5 Stealth
 * Level 6.1 Spellcasting
 + Level 2.5 Conjurations
 - Level 1.1 Summonings
 - Level 1.1 Translocations
 - Level 1.1 Fire Magic
 + Level 0.5 Air Magic


You had 5 spell levels left.
You knew the following spells:

 Your Spells              Type           Power      Damage    Failure   Level
a - Magic Dart            Conj           64%        1d6       3%          1
b - Mephitic Cloud        Conj/Pois/Air  10%        N/A       21%         3
c - Call Imp              Summ           10%        N/A       10%         2
d - Blink                 Tloc           N/A        N/A       10%         2
e - Conjure Flame         Conj/Fire      13%        6-21      14%         3

Your spell library contained the following spells:

 Spells                   Type           Power      Damage    Failure   Level
 Slow                     Hex            6%         N/A       16%         2


Dungeon Overview and Level Annotations

Branches:
Dungeon (3/15)

Altars:
Wu Jian

Annotations:
D:3 Grinder, Sigmund


Message History

Casting: Call Imp (safe; 10% risk of failure)
Confirm with . or Enter, or press ? or * to list all spells.
You miscast Call Imp.
You are very lightly contaminated with residual magic.
Nothing appears to happen.
Your crimson imp misses something.
Something bites your crimson imp but does no damage.
Unknown command.
You swap places.
Grinder misses your crimson imp.
Your crimson imp hits Grinder.
Unknown command.
Casting: Call Imp (safe; 10% risk of failure)
Confirm with . or Enter, or press ? or * to list all spells.
A beastly little devil appears in a puff of frigid air.
Grinder closely misses your crimson imp.
Your crimson imp hits Grinder but does no damage.
Unknown command.
Casting: Call Imp (safe; 10% risk of failure)
Confirm with . or Enter, or press ? or * to list all spells.
A beastly little devil appears in a puff of frigid air.
You hear some strange, mumbled words.
Your crimson imp appears confused.
Grinder barely misses your crimson imp.
Your crimson imp closely misses Grinder.
Your white imp hits something but does no damage.
Casting: Call Imp (safe; 10% risk of failure)
Confirm with . or Enter, or press ? or * to list all spells.
A beastly little devil appears in a puff of flame.
Your crimson imp disappears in a puff of smoke!
Something hits you!
Grinder blinks!
Unknown command.
Your white imp disappears in a puff of smoke!
Your crimson imp hits something.
Something hits you.
Your crimson imp hits Grinder.
Your white imp disappears in a puff of smoke!
Grinder barely misses your crimson imp. Something hits you!
* * * LOW HITPOINT WARNING * * *
Your crimson imp hits Grinder but does no damage.
Unknown command.
Something hits you!
You die...

..#.....#####.......# .
#.................####.
#......................
.)...............########
......#......ยง...########
....#.#....55...........#
........................#
...##......5............#
.. ..#.....@..5..########
...#..####...........#
...... #r......)...# ....
#...........# ...##
#..#........#
......#..#........#
.!5............####
...............#
.......r.......#


You could see Grinder (ally target), a rat and 3 friendly crimson imps.

Vanquished Creatures
  Natasha (thrice) (D:2)
  A hound skeleton (D:2)
  2 adders (D:2)
  2 dart slugs (D:1)
  A ball python (D:1)
  5 bats
  An endoplasm (D:1)
  2 giant cockroaches (D:2)
  5 goblins
  3 hobgoblins
  3 jackals (D:3)
  3 kobolds
  A quokka (D:1)
  4 frilled lizards
  2 rats
38 creatures vanquished.

Vanquished Creatures (collateral kills)
  Terence (D:3)
1 creature vanquished.

Grand Total: 39 creatures vanquished

Notes
Turn   | Place    | Note
-------+----------+-------------------------------------------
     0 | D:1      | pokeman the Deep Elf Hedge Wizard began the quest for the
                  | Orb.
     0 | D:1      | Reached XP level 1. HP: 10/10 MP: 7/7
   167 | D:1      | Reached XP level 2. HP: 16/16 MP: 3/9
   827 | D:2      | Reached skill level 5 in Spellcasting
   866 | D:2      | Noticed Natasha
   874 | D:2      | Killed Natasha
   875 | D:2      | Reached skill level 1 in Fighting
   875 | D:2      | Reached XP level 3. HP: 8/20 MP: 3/11
   879 | D:2      | Learned a level 3 spell: Mephitic Cloud
   882 | D:2      | Learned a level 2 spell: Call Imp
   885 | D:2      | Learned a level 2 spell: Blink
   889 | D:2      | Learned a level 3 spell: Conjure Flame
  1100 | D:2      | Found a faded altar of an unknown god.
  1108 | D:2      | Reached skill level 1 in Armour
  1247 | D:2      | Reached XP level 4. HP: 17/25 MP: 5/13
  1358 | D:2      | Noticed Natasha
  1372 | D:2      | HP: 1/25 [white imp/puff of frost[Natasha] (3)]
  1665 | D:2      | Found an ornate altar of the Wu Jian Council.
  1694 | D:2      | Killed Natasha
  2026 | D:2      | Noticed Natasha
  2033 | D:2      | Killed Natasha
  2034 | D:2      | Reached skill level 1 in Fire Magic
  2331 | D:2      | Reached skill level 6 in Spellcasting
  2502 | D:3      | Reached XP level 5. HP: 29/29 MP: 13/15
  2534 | D:3      | Noticed Terence
  2547 | D:3      | Killed Terence
  2587 | D:3      | Noticed Grinder
  2591 | D:3      | Noticed Sigmund
  2610 | D:3      | HP: 1/29 [something (11)]
  2611 | D:3      | Mangled by Sigmund

Illustrated notes

Levels and vault maps discovered:
D:1:      minmay_arrival_three_doors, layout_rooms, amcnicky_mini_pool_small
D:2:      layout_rooms, basic_altar, basic_ecumenical_altar, uniq_natasha
D:3:      layout_basic, ashenzari_conservatory_becter, kennysheep_pointless_box,
          grunt_ministairs_7, st_stairs_9, uniq_sigmund, uniq_terence,
          uniq_grinder

Skill      XL: |  1  2  3  4 |
---------------+-------------+-----
Spellcasting   | 5 6 |  6.1
Fighting       | 1 |  1.0
Armour         | 1 |  1.0
Conjurations   | 2 |  2.5
Fire Magic     | 1 |  1.1
Dodging        | 3 |  3.0
Stealth        | |  2.5
Summonings     | |  1.1
Translocations | |  1.1
Air Magic      | |  0.5

Action                   |  1- 3 |  4- 6 || total
-------------------------+-------+-------++-------
Melee: Dagger            |     4 |       ||     4
 Cast: Magic Dart        |    69 |    54 ||   123
       Call Imp          |       |    13 ||    13
       Conjure Flame     |       |     1 ||     1
Armor: Robe              |     4 |     2 ||     6
Dodge: Dodged            |     6 |    19 ||    25

Table legend: (Time is in decaauts)
 A = Elapsed time spent in this place.
 B = Non-inter-level travel time spent in this place.
 C = Inter-level travel time spent in this place.
 D = Time resting spent in this place.
 E = Time spent auto-exploring this place.
 F = Levels seen in this place.
 G = Mean time per level.
                   A        B        C        D        E       F      G
               +--------+--------+--------+--------+--------+-----+--------+
         Total |   2644 |   2553 |     91 |    241 |   2020 |   3 |  881.3 |
       Dungeon |   2644 |   2553 |     91 |    241 |   2020 |   3 |  881.3 |
               +--------+--------+--------+--------+--------+-----+--------+

Top non-repeatable levels by time:
     D:2: 1427 daAuts
     D:1: 1105 daAuts
     D:3: 110 daAuts
